 Dungeon Crawl Stone Soup version 0.18-a0-27-g1f73fa3 (webtiles) character file.

64 Ordine the Magician (level 3, -5/19 HPs)
             Began as a Deep Elf Wizard on Nov 4, 2015.
             Slain by a gnoll
             ... wielding a +0 whip
              (8 damage)
             ... on level 2 of the Dungeon.
             The game lasted 00:04:57 (1345 turns).

Ordine the Magician (Deep Elf Wizard)               Turns: 1345, Time: 00:04:57

Health: -5/19      AC:  3    Str:  4      XL:     3   Next: 91%
Magic:  3/11       EV: 12    Int: 23      God:
Gold:   99         SH:  0    Dex: 10 (13) Spells: 5 memorised, 1 level left

rFire  . . .     SeeInvis .     e - +0 dagger
rCold  . . .     Clarity  .     a - +0 robe
rNeg   . . .     SustAt   .     (no shield)
rPois  +         Gourm    .     b - +0 hat
rElec  .         Spirit   .     (no cloak)
rCorr  .         Warding  .     g - +0 pair of gloves
rMut   .         Stasis   .     (no boots)
MR     .....                    (no amulet)
Stlth  ++........               (no ring)
                                l - ring of poison resistance

@: repel missiles, not resistant to hostile enchantments, unstealthy
A: no striking features
a: no special abilities


You were on level 2 of the Dungeon.
You were not hungry.

You visited 1 branch of the dungeon, and saw 2 of its levels.

You collected 99 gold pieces.

Inventory:

Hand Weapons
 e - a +0 dagger (weapon)
Armour
 a - a +0 robe (worn)
 b - a +0 hat (worn)
 g - a +0 pair of gloves (worn)
Jewellery
 l - a ring of poison resistance (left hand)
Potions
 f - a potion of degeneration
 h - a potion of curing {unknown}
 i - a potion of resistance {unknown}
Books
 c - a book of Minor Magic

   Spells                             Type                      Level
   a - Magic Dart                     Conjuration                  1
   b - Blink                          Translocation                2
   c - Call Imp                       Summoning                    2
   d - Repel Missiles                 Charms/Air                   2
   e - Slow                           Hexes                        2
   f - Conjure Flame                  Conjuration/Fire             3
   g - Mephitic Cloud                 Conjuration/Poison/Air       3
Comestibles
 d - a bread ration
 k - 3 chunks of flesh


   Skills:
 - Level 2.4 Dodging
 - Level 2.4 Stealth
 + Level 5.2 Spellcasting
 * Level 3.5 Conjurations
   Level 1.1 Summonings
 - Level 1.1 Translocations


You had one spell level left.
You knew the following spells:

 Your Spells              Type           Power        Failure   Level  Hunger
a - Magic Dart            Conj           ###.         2%          1    None
b - Blink                 Tloc           N/A          12%         2    None
c - Conjure Flame         Conj/Fire      ##......     14%         3    ##.....
d - Mephitic Cloud        Conj/Pois/Air  ##......     21%         3    ##.....
e - Repel Missiles        Chrm/Air       #.....       17%         2    None


Dungeon Overview and Level Annotations

Branches:
Dungeon (2/15)

Altars:


Message History

The magic dart hits the giant gecko.
The giant gecko is almost dead.
The giant gecko closely misses you.
Casting: Magic Dart
Confirm with . or Enter, or press ? or * to list all spells.
Aiming: Magic Dart
Press: ? - help, Shift-Dir - straight line, f/p - giant gecko
Aim: a giant gecko (almost dead, clinging)
The magic dart hits the giant gecko.
You kill the giant gecko!
The gnoll hits you with a whip. The gnoll hits you with a whip.
* * * LOW HITPOINT WARNING * * *
You see here a giant gecko corpse.
Drink which item? (? for menu, Esc to quit)
It was a potion of degeneration.
There was something very wrong with that liquid.
You feel clumsy. The gnoll hits you with a whip!
You die...

#..# ##.# #.# #..#
#.# #..# ### #.# #..#
... #.# ..###.# #.# #
......###.######.#
#.##..........(@g.†.#
#.....# .##...#######
#####.##......
....<.>...##.
#####.##.### #... .l
####.### #


You could see a gnoll.

Vanquished Creatures
  2 gnolls (D:2)
  2 oozes (D:1)
  3 giant geckos
  3 bats (D:1)
  A giant cockroach (D:1)
  7 goblins
  4 hobgoblins (D:1)
  5 kobolds (D:1)
  3 giant newts (D:1)
  2 rats (D:1)
32 creatures vanquished.

Notes
Turn   | Place    | Note
--------------------------------------------------------------
     0 | D:1      | Ordine the Deep Elf Wizard began the quest for the Orb.
     0 | D:1      | Reached XP level 1. HP: 10/10 MP: 7/7
   130 | D:1      | Reached XP level 2. HP: 15/15 MP: 0/9
   214 | D:1      | Learned a level 2 spell: Blink
   217 | D:1      | Learned a level 2 spell: Repel Missiles
   538 | D:1      | Reached skill level 5 in Spellcasting
   795 | D:1      | Reached XP level 3. HP: 19/19 MP: 8/11
   800 | D:1      | Learned a level 3 spell: Conjure Flame
   804 | D:1      | Learned a level 3 spell: Mephitic Cloud
  1345 | D:2      | Slain by a gnoll

Vault maps used:
D:1:      dpeg_arrival_windows_large_door
D:2:      nicolae_overflow_crystal_walls

Action                   || total
-------------------------++-------
Melee: Dagger            ||     1
 Cast: Magic Dart        ||    77
       Repel Missiles    ||     1
       Conjure Flame     ||     1
  Use: Scroll            ||     4
       Potion            ||     1
  Eat: Chunk             ||     1
